 Dungeon Crawl Stone Soup version 0.26-a0-362-g1d9a9cd4fa (webtiles) character file.

Game seed: 290311117993251044

(classic levelgen) 185 EnegeticOcto the Firebug (level 5, -5/37 HPs)
             Began as a Palentonga Fire Elementalist on July 18, 2020.
             Was a Believer of Yredelemnul.
             Slain by Pikel
             ... wielding a +2 whip of freezing
              (13 damage)
             ... on level 3 of the Dungeon.
             The game lasted 00:12:32 (1038 turns).

EnegeticOcto the Firebug (PaFE)                     Turns: 1038, Time: 00:12:32

Health: -5/37      AC:  7    Str: 11    XL:     5   Next: 37%
Magic:  3/9        EV: 10    Int: 16    God:    Yredelemnul [**....]
Gold:   97         SH:  0    Dex: 11    Spells: 5/10 levels left

rFire    + . .     SeeInvis +   e - +0 scythe
rCold    x . .     Faith    .   (shield currently unavailable)
rNeg     . . .     Spirit   .   c - +2 animal skin
rPois    .         Reflect  .   d - +0 helmet
rElec    .         Harm     .   (no cloak)
rCorr    .                      (no gloves)
MR       .....                  (boots restricted)
Stlth    ++........             (no amulet)
HPRegen  0.12/turn              (no ring)
MPRegen  0.11/turn              m - ring of fire

@: no status effects
A: large, rugged brown scales 3, see invisible, deformed body, roll, armoured
tail
a: Rolling Charge, Animate Remains, Recall Undead Slaves, Injury Mirror,
Renounce Religion


You were on level 3 of the Dungeon.
You worshipped Yredelemnul.
Yredelemnul was pleased with you.
You visited 1 branch of the dungeon, and saw 4 of its levels.

You collected 97 gold pieces.

Inventory:

Hand Weapons
 e - a +0 scythe (weapon)
 h - a +0 dagger of venom
Armour
 a - a +0 robe
 c - a +2 animal skin (worn)
 d - a +0 helmet (worn)
Jewellery
 l - an uncursed ring of resist corrosion
 m - a ring of fire (right hand)
Scrolls
 i - a scroll of teleportation {@r3 !r}
Potions
 b - a potion of flight
 f - a potion of resistance
 g - a potion of lignification {@q6}
 k - a potion of curing {unknown}


   Skills:
 - Level 1.5 Dodging
 - Level 1.2 Stealth
 + Level 3.3 Spellcasting
 - Level 3.0 Conjurations
 + Level 3.4 Fire Magic


You had 5 spell levels left.
You knew the following spells:

 Your Spells              Type           Power        Failure   Level
a - Foxfire               Conj/Fire      ###.         4%          1
b - Sticky Flame          Conj/Fire      ###.....     43%         4

Your spell library contained the following spells:

 Spells                   Type           Power        Failure   Level
 Conjure Flame            Conj/Fire      ###.....     14%         3
 Inner Flame              Hex/Fire       ##......     26%         3
 Fireball                 Conj/Fire      ###.......   80%         5


Dungeon Overview and Level Annotations

Branches:
Dungeon (4/15)
 Temple: D:4-7

Altars:
Ashenzari
Sif Muna
Wu Jian
Yredelemnul

Annotations:
D:3 Pikel


Innate Abilities, Weirdness & Mutations

You are completely covered in rugged brown scales. (AC +3, +7% HP)
You have supernaturally acute eyesight. (SInv)
Armour fits poorly on your strangely shaped body.
You can roll at foes to attack.
You have a long armoured tail.


Message History

Casting: Foxfire (safe; 4% risk of failure)
Confirm with . or Enter, or press ? or * to list all spells.
You feel a surge of power!
You conjure some foxfire!
The foxfire hits the worker ant but does no damage.
The worker ant is lightly wounded.
The foxfire hits the worker ant.
The worker ant is moderately wounded.
The worker ant barely misses you.
Casting: Foxfire (safe; 4% risk of failure)
Confirm with . or Enter, or press ? or * to list all spells.
You feel a surge of power!
You conjure some foxfire!
The foxfire hits the worker ant.
The worker ant is heavily wounded.
The foxfire hits the worker ant.
The worker ant is almost dead.
The worker ant closely misses you.
Casting: Foxfire (safe; 4% risk of failure)
Confirm with . or Enter, or press ? or * to list all spells.
You feel a surge of power!
You conjure some foxfire!
The foxfire hits the worker ant but does no damage.
The worker ant is severely wounded.
The foxfire hits the worker ant.
You kill the worker ant!
Yredelemnul accepts your kill.
Found 4 gold pieces.
You swing at nothing.
Your foxfire dissipates! x2
You swing at nothing.
Pikel the Slaver comes into view.
He is wielding a +2 whip of freezing.
Pikel shouts!
You hear a shout! x2
Pikel says, "You'll rust in Dis!"
Pikel moves out of view.
Casting: Foxfire (safe; 4% risk of failure)
Confirm with . or Enter, or press ? or * to list all spells.
You feel a surge of power!
You conjure some foxfire!
Casting: Foxfire (safe; 4% risk of failure)
Confirm with . or Enter, or press ? or * to list all spells.
You feel a surge of power!
You conjure some foxfire!
The foxfire hits Pikel but does no damage.
Casting: Foxfire (safe; 4% risk of failure)
Confirm with . or Enter, or press ? or * to list all spells.
You feel a surge of power!
You conjure some foxfire!
The foxfire hits Pikel.
Pikel is lightly wounded.
A lemure comes into view. x2
The foxfire hits Pikel but does no damage.
Pikel is lightly wounded.
The foxfire hits Pikel but does no damage.
Pikel is lightly wounded.
Your foxfire dissipates!
Your foxfire dissipates!
There is a stone staircase leading up here.
Pikel says, "Hell isn't that bad."
There is a stone staircase leading up here.
Casting: Foxfire (safe; 4% risk of failure)
Confirm with . or Enter, or press ? or * to list all spells.
You feel a surge of power!
You conjure some foxfire!
Attack whom?
Press: ? - help, Dir - move target cursor, f - Pikel
Aim: Pikel, wielding a +2 whip of freezing and wearing a +0 robe (lightly wounded)
You reach to attack!
You closely miss Pikel.
Pikel is lightly wounded.
The foxfire hits Pikel.
Pikel is lightly wounded.
The foxfire hits Pikel.
Pikel is lightly wounded.
A lemure comes into view.
Pikel hits you but does no damage.
The lemure shouts!
Pikel hits you with a +2 whip of freezing.
Pikel freezes you.
You climb upwards.
There is a stone staircase leading down here.
Pikel hits you but does no damage.
Pikel hits you with a +2 whip of freezing.
Pikel freezes you.
You see here a rat skeleton.
Things that are here:
a +0 club; a goblin skeleton You enter the shallow water.
Moving in this stuff is going to be slow.
Casting: Foxfire (safe; 4% risk of failure)
Confirm with . or Enter, or press ? or * to list all spells.
You feel a surge of power!
You conjure some foxfire!
Pikel hits you with a +2 whip of freezing.
Pikel freezes you.
You closely miss Pikel. You tail-slap Pikel.
Pikel is moderately wounded.
The foxfire hits Pikel.
Pikel is moderately wounded.
The foxfire hits Pikel but does no damage.
Pikel is moderately wounded.
Pikel is engulfed in a cloud of scalding steam.
Pikel hits you with a +2 whip of freezing.
* * * LOW HITPOINT WARNING * * *
Pikel freezes you.
* * * LOW HITPOINT WARNING * * *
Pikel is engulfed in a cloud of scalding steam.
Pikel hits you with a +2 whip of freezing!
You die...
Your body rises from the dead as a mindless zombie.

### ##≈≈≈≈# # ##.##
#####≈≈≈≈#####.#
##...####
#....≈≈≈≈).....#
##......<#
#.##≈≈≈≈≈#######
#=.....†.####.##≈≈≈≈≈#
#
##).............≈≈≈÷<#
#
##...#######.#≈≈≈≈))#
# ##.## #§#≈≈≈≈≈)# #
#.# ####@.≈≈≈≈#.### #
#.# ##..88K≈≈≈≈88..###
#.# #............)...#
#.#
#................#####
#.#
#...88≈≈≈≈≈88..#.#....
#.#
#.#..≈≈≈≈≈#..........g
#....≈≈≈≈≈...###.#....
###..≈≈≈≈..#.###.#####
##≈≈≈≈≈#..)....#


You could see Pikel.

Vanquished Creatures
  An orc priest (D:3)
  Terence (D:2)
  A worker ant (D:4)
  Robin (D:3)
  An adder (D:4)
  2 gnolls
  A worm (D:2)
  2 dart slugs
  4 orcs (D:3)
  A ball python (D:2)
  4 bats
  2 giant cockroaches (D:2)
  17 goblins
  6 hobgoblins
  A jackal (D:1)
  2 kobolds
  A quokka (D:3)
  A frilled lizard (D:1)
  7 rats
56 creatures vanquished.

Vanquished Creatures (others)
  133 foxfires
133 creatures vanquished.

Grand Total: 189 creatures vanquished

Notes
Turn   | Place    | Note
-------+----------+-------------------------------------------
     0 | D:1      | EnegeticOcto the Palentonga Fire Elementalist began the
                  | quest for the Orb.
     0 | D:1      | Reached XP level 1. HP: 13/13 MP: 3/3
    45 | D:1      | Reached skill level 1 in Conjurations
   153 | D:1      | Reached XP level 2. HP: 17/20 MP: 3/5
   202 | D:1      | Reached skill level 2 in Conjurations
   349 | D:2      | Reached XP level 3. HP: 25/25 MP: 0/6
   365 | D:2      | Noticed Terence
   388 | D:2      | Killed Terence
   388 | D:2      | Reached skill level 3 in Conjurations
   458 | D:2      | Found a shimmering blue altar of Sif Muna.
   458 | D:2      | Found a shattered altar of Ashenzari.
   463 | D:2      | Found a faded altar of an unknown god.
   465 | D:2      | Found a faded altar of an unknown god.
   466 | D:2      | Found a basalt altar of Yredelemnul.
   475 | D:2      | Became a worshipper of Yredelemnul the Dark
   475 | D:2      | Reached * piety under Yredelemnul
   594 | D:2      | Reached XP level 4. HP: 23/32 MP: 3/7
   668 | D:2      | Found an ornate altar of the Wu Jian Council.
   718 | D:3      | Noticed Robin
   754 | D:3      | Reached skill level 3 in Fire Magic
   768 | D:2      | Learned a level 4 spell: Sticky Flame
   852 | D:3      | Killed Robin
   924 | D:3      | Reached ** piety under Yredelemnul
   931 | D:3      | Reached skill level 3 in Spellcasting
   931 | D:3      | Reached XP level 5. HP: 21/37 MP: 1/9
   999 | D:4      | Noticed Pikel
  1003 | D:4      | Noticed a lemure
  1003 | D:4      | Noticed a lemure
  1010 | D:4      | Noticed a lemure
  1038 | D:3      | Slain by Pikel

Illustrated notes

Levels and vault maps discovered:
D:1:      dpeg_arrival_round_a, layout_basic
D:2:      layout_rooms, nicolae_overflow_hidden_temple,
          chequers_temple_overflow_minitemple, uniq_terence
D:3:      wander_river, layout_loops_cross, cheibriados_altar_1, uniq_robin
D:4:      layout_loops_ring, minmay_temple_entry_glassed_door, uniq_pikel,
          uniq_ijyb

Skill      XL: |  1  2  3  4 |
---------------+-------------+-----
Conjurations   | 1 2 3 |  3.0
Fire Magic     | 3 |  3.4
Spellcasting   | 3 |  3.3
Dodging        | |  1.5
Stealth        | |  1.2

Action                   |  1- 3 |  4- 6 || total
-------------------------+-------+-------++-------
Melee: Unarmed           |     1 |       ||     1
       Dagger            |    26 |    14 ||    40
       Tailslap          |     3 |     2 ||     5
       Scythe            |       |     2 ||     2
 Cast: Foxfire           |    32 |    44 ||    76
 Abil: Rolling Charge    |     5 |     2 ||     7
  Use: Scroll            |     3 |     4 ||     7
Armor: Robe              |    10 |     6 ||    16
       Animal skin       |       |     1 ||     1
Dodge: Dodged            |    17 |    14 ||    31

Table legend:
 A = Non-vault XP
 B = Vault XP
 C = Vault XP percentage of total XP
 D = Non-vault monster count
 E = Vault monster count
 F = Vault count percentage of total count
                 A         B        C        D         E       F
            +---------+---------+-------+---------+---------+-------
      Total |     194 |      71 |  26.8 |      44 |      12 |  21.4
            +---------+---------+-------+---------+---------+-------
        D:1 |      21 |       0 |   0.0 |      11 |       0 |   0.0
        D:2 |      50 |      36 |  41.9 |      18 |       1 |   5.3
        D:3 |      76 |      35 |  31.5 |      13 |      11 |  45.8
        D:4 |      47 |       0 |   0.0 |       2 |       0 |   0.0
            +---------+---------+-------+---------+---------+-------
